Map: Moondance

Players

Epic

  • Race: Terran Terran
  • Spawn Location: 12:00

DPGJieShi (Jieshi) - Winner!

  • Race: Protoss Protoss
  • Spawn Location: 6:00

Event: DreamHack SC2 Masters 2022 Atlanta (Offline)

VOD

Have the link to the VOD?

Description

Time

  • Played on: Nov. 18, 2022, 11:12 a.m.
  • Length: 12:48

All games in this series

Show
View Real Time Build Order
Export as new Build Order

Epic Terran 

Build Orders:  

Get SALT Encoding   

  12  0:00  SCV  
  13  0:12  SCV  
  14  0:16  Supply Depot  
  14  0:24  SCV  
  15  0:38  SCV  
  15  0:40  Barracks  
  15  0:42  Refinery  
  16  0:50  SCV  
  16  0:54  Refinery  
  17  1:02  SCV  
  18  1:14  SCV  
  19  1:27  Supply Depot, Reaper, Orbital Command  
  20  1:40  Factory  
  20  1:52  SCV  
  21  1:59  Reaper  
  22  2:04  SCV  
  23  2:14  Command Center  
  23  2:16  SCV  
  24  2:23  Hellion  
  24  2:29  SCV  
  27  2:31  Barracks Reactor  
  27  2:36  Supply Depot  
  27  2:41  SCV  
  28  2:45  Starport  
  28  2:47  Widow Mine  
  30  2:55  SCV  
  31  3:08  Marine x2  
  31  3:10  SCV, Widow Mine  
  36  3:15  Barracks  
  36  3:22  Medivac  
  36  3:23  SCV  
  36  3:26  Orbital Command  
  39  3:30  Marine  
  42  3:34  Widow Mine  
  42  3:37  SCV  
  43  3:43  Supply Depot  
  43  3:51  SCV  
  43  3:52  SCV  
  43  3:53  Starport Tech Lab  
  43  3:54  Marine x2  
  47  4:01  Barracks Tech Lab  
  47  4:02  Factory Tech Lab  
  47  4:04  SCV x2  
  47  4:07  Supply Depot  
  49  4:12  Raven  
  49  4:16  Engineering Bay  
  49  4:28  SCV x2, Siege Tank  
  52  4:32  Marine x2  
  52  4:33  Marine  
  52  4:36  Refinery  
  52  4:37  Barracks  
  53  4:41  Supply Depot  
  53  4:43  SCV x2  
  51  4:46  Stimpack  
  51  4:51  Bunker, Marine  
  51  4:52  Marine  
  51  4:55  SCV  
  51  4:56  SCV  
  51  4:59  Marauder  
  55  5:03  Supply Depot  
  55  5:07  Terran Infantry Weapons Level 1  
  55  5:08  SCV  
  55  5:10  SCV  
  55  5:14  Marine x2  
  59  5:21  Refinery  
  59  5:22  Siege Tank  
  59  5:24  SCV  
  59  5:26  SCV  
  59  5:28  Marauder  
  65  5:30  Starport Reactor  
  65  5:36  SCV  
  65  5:38  SCV  
  67  5:44  Command Center  
  67  5:48  Combat Shield  
  67  5:51  SCV x2  
  67  5:55  Siege Tank  
  72  6:00  Marauder x2  
  72  6:03  SCV  
  77  6:06  Supply Depot, SCV  
  78  6:11  Marine x2  
  78  6:14  Medivac  
  78  6:18  Medivac  
  82  6:26  SCV x2  
  82  6:29  Concussive Shells  
  82  6:31  Barracks  
  84  6:33  Barracks  
  84  6:36  Marauder  
  84  6:37  Marauder  
  84  6:38  SCV x2, Factory Reactor  
  90  6:40  Marine x2  
  90  6:45  Supply Depot  
  92  6:47  Supply Depot  
  92  6:49  Medivac  
  94  6:55  SCV x2, Medivac  
  94  6:56  Orbital Command  
  96  7:12  SCV x2  
  95  7:21  Marauder, Marine x2  
  95  7:22  Widow Mine x2, Marauder  
  103  7:23  SCV  
  103  7:24  SCV  
  103  7:25  SCV  
  103  7:28  Medivac  
  103  7:29  Supply Depot  
  108  7:30  Medivac  
  108  7:36  Supply Depot  
  110  7:37  Refinery  
  110  7:38  Supply Depot  
  110  7:40  SCV x3  
  110  7:44  Marine x2  
  113  7:45  Marauder  
  113  7:47  Barracks Reactor, Widow Mine  
  113  7:48  Widow Mine  
  120  7:58  SCV x3  
  121  8:00  Ghost Academy  
  121  8:04  Medivac x2  
  126  8:07  Supply Depot  
  125  8:15  Marauder x3, Marine x2  
  125  8:16  Ghost Academy  
  133  8:21  Terran Infantry Armor Level 1  
  133  8:23  Supply Depot, Marine x2  
  133  8:24  Supply Depot, Widow Mine  
  137  8:30  Widow Mine  
  139  8:36  Enhanced Shockwaves  
  139  8:40  Command Center, Ghost  
  141  8:49  Supply Depot x2, Ghost  
  141  8:50  Marine x2  
  141  8:51  Marine  
  145  8:59  Marauder, Marine  
  148  9:07  Viking x2  
  148  9:08  Marine x2  
  148  9:09  Marauder  
  150  9:11  Widow Mine x2  
  148  9:20  Missile Turret, Marauder x2  
  148  9:21  Missile Turret  
  152  9:27  Marine x4  
  154  9:35  Widow Mine  
  154  9:36  Widow Mine  
  154  9:37  Armory  
  154  9:38  Engineering Bay  
  158  9:39  Viking  
  158  9:41  Viking  
  159  9:59  Ghost x2  
  159  10:01  Ghost  
  159  10:02  Marine x3  
  159  10:03  Marine  
  159  10:05  SCV x3  
  172  10:20  Viking  
  173  10:24  SCV x3  
  173  10:26  Viking, Refinery  
  173  10:27  Refinery  
  156  10:45  Marine x2  
  156  10:46  Marauder x3, Marine x2  
  150  10:55  Viking  
  120  11:03  Marine  
  110  11:07  Widow Mine x2, Marauder x2  
  114  11:11  SCV x2  
  109  11:20  Marine x4  
  109  11:25  Orbital Command  
  98  11:46  SCV x2  
  90  11:50  Marauder  
  90  11:51  Marauder x2  
  94  11:58  SCV  
  95  12:02  SCV x2  
  95  12:07  Refinery  
  97  12:11  SCV, Ghost  
  97  12:14  SCV x2  
  89  12:29  SCV x3  
Show
View Real Time Build Order
Export as new Build Order

DPGJieShi Protoss - Winner!

Build Orders: 1 Gate Expand, Blink Stalkers 

Get SALT Encoding   

  12  0:00  Probe  
  13  0:12  Probe  
  14  0:18  Pylon  
  14  0:24  Probe (Chrono Boost)  
  15  0:36  Gateway  
  15  0:38  Probe (Chrono Boost)  
  16  0:44  Probe (Chrono Boost)  
  16  0:45  Assimilator  
  17  0:52  Probe  
  18  1:04  Probe  
  19  1:16  Probe  
  20  1:23  Cybernetics Core  
  20  1:31  Nexus  
  20  1:38  Pylon  
  20  1:40  Probe  
  20  1:45  Assimilator  
  21  1:52  Probe  
  22  1:57  Adept (Chrono Boost)  
  22  2:00  Warp Gate  
  24  2:04  Probe  
  25  2:16  Probe  
  25  2:17  Twilight Council  
  26  2:25  Stalker (Chrono Boost)  
  26  2:28  Probe  
  29  2:38  Shield Battery  
  29  2:43  Probe (Chrono Boost)  
  31  2:45  Probe (Chrono Boost)  
  31  2:50  Blink (Chrono Boost)  
  32  2:52  Probe (Chrono Boost)  
  32  2:55  Probe (Chrono Boost)  
  32  2:57  Probe (Chrono Boost)  
  34  3:10  Probe  
  35  3:14  Gateway, Probe  
  36  3:21  Robotics Facility  
  36  3:22  Probe  
  36  3:26  Probe  
  38  3:34  Probe  
  38  3:40  Probe  
  40  3:42  Nexus  
  40  3:46  Probe  
  41  3:50  Pylon  
  41  3:52  Probe  
  41  3:54  Stalker  
  44  3:59  Probe  
  44  4:02  Pylon  
  45  4:04  Probe  
  45  4:08  Stalker  
  49  4:10  Observer  
  49  4:12  Probe  
  49  4:15  Assimilator  
  49  4:16  Probe  
  51  4:18  Stalker  
  50  4:34  Probe x2  
  50  4:38  Observer  
  53  4:42  Charge (Chrono Boost)  
  53  4:46  Forge, Probe x2  
  55  4:55  Gateway  
  55  4:56  Gateway  
  55  4:58  Probe  
  56  5:00  Pylon  
  56  5:05  Protoss Ground Weapons Level 1 (Chrono Boost)  
  56  5:06  Warp Prism (Chrono Boost), Probe x2  
  60  5:15  Gateway  
  60  5:16  Sentry  
  60  5:18  Observer  
  62  5:27  Gateway  
  62  5:30  Gateway  
  62  5:34  Sentry  
  62  5:35  Gateway  
  64  5:36  Probe  
  64  5:37  Probe  
  65  5:44  Probe  
  65  5:48  Probe  
  65  5:49  Probe  
  68  5:50  Pylon  
  68  5:58  Sentry, Immortal (Chrono Boost)  
  68  6:01  Probe  
  75  6:04  Photon Cannon  
  75  6:09  Pylon  
  75  6:13  Probe  
  75  6:25  Probe  
  76  6:26  Zealot x2  
  76  6:27  Zealot x2  
  76  6:29  Immortal (Chrono Boost), Probe  
  89  6:35  Pylon  
  89  6:39  Pylon  
  89  6:44  Robotics Bay  
  89  6:49  Pylon  
  89  6:51  Nexus  
  89  6:55  Pylon  
  89  7:05  Protoss Ground Armor Level 1 (Chrono Boost)  
  89  7:15  Zealot x4  
  95  7:22  Probe  
  80  7:23  Probe x2  
  80  7:26  Photon Cannon  
  80  7:27  Shield Battery, Photon Cannon  
  80  7:29  Shield Battery  
  82  7:30  Zealot x4  
  82  7:31  Zealot x4  
  82  7:35  Colossus (Chrono Boost)  
  98  7:40  Extended Thermal Lance (Chrono Boost)  
  104  7:49  Observer  
  104  7:51  Zealot, Stalker x2  
  108  7:57  Zealot x2  
  114  8:01  Zealot x2  
  114  8:04  Zealot  
  121  8:06  Probe (Chrono Boost)  
  121  8:10  Observer, Probe (Chrono Boost)  
  122  8:16  Robotics Facility, Probe (Chrono Boost)  
  123  8:22  Probe  
  123  8:24  Colossus  
  129  8:36  Zealot x4  
  129  8:37  Zealot x2  
  129  8:38  Pylon  
  141  8:55  Protoss Ground Weapons Level 2 (Chrono Boost)  
  142  8:57  Probe  
  142  8:59  Pylon  
  142  9:00  Stalker x3  
  142  9:01  Stalker x3  
  154  9:04  Pylon  
  154  9:07  Pylon  
  154  9:15  Zealot  
  154  9:16  Zealot  
  146  9:19  Warp Prism (Chrono Boost)  
  146  9:23  Colossus (Chrono Boost)  
  148  9:26  Zealot  
  148  9:27  Zealot x2  
  160  9:41  Nexus  
  160  9:43  Shield Battery, Photon Cannon  
  159  9:48  Disruptor  
  158  9:52  Zealot  
  158  9:53  Zealot x4  
  158  9:58  Probe, Pylon  
  169  10:00  Disruptor  
  169  10:11  Pylon  
  172  10:15  Gateway  
  172  10:17  Gateway  
  172  10:20  Pylon  
  170  10:32  Zealot x2  
  170  10:33  Zealot x6  
  172  10:44  Disruptor  
  151  10:54  Disruptor  
  134  10:57  Zealot x6  
  134  10:58  Zealot x2  
  144  11:12  Nexus  
  144  11:14  Pylon  
  144  11:15  Zealot x2  
  144  11:17  Zealot x3  
  144  11:18  Zealot x4  
  158  11:22  Disruptor (Chrono Boost), Zealot  
  143  11:37  Stalker x2  
  143  11:38  Stalker x4  
  139  11:50  Colossus (Chrono Boost)  
  129  11:57  Probe (Chrono Boost)  
  128  12:02  Stalker  
  128  12:03  Zealot, Stalker x3  
  128  12:04  Zealot x4  
  128  12:05  Zealot  
  128  12:07  Probe (Chrono Boost)  
  126  12:28  Zealot x4  
  128  12:30  Stalker  
  128  12:31  Zealot x3  
  128  12:32  Zealot x2  
Tags
 
Add a new tag
Caveats
  • Supply blocks, unpowered buildings, or Contaminate may cause inaccurate times.
  • Supply counts are checked every 10 seconds.